 Dungeon Crawl Stone Soup version 0.31-a0-889-g1a8549509d (webtiles) character file.

Game seed: 11947569144439829790

109 p00ps00p the Trooper (level 4, 0/41 HPs)
             Began as a Hill Orc Fighter on Oct 16, 2023.
             Slain by an orc wizard
             ... wielding a +0 dagger
              (2 damage)
             ... on level 3 of the Dungeon.
             The game lasted 00:02:35 (1734 turns).

p00ps00p the Trooper (Hill Orc Fighter)             Turns: 1734, Time: 00:02:36

Health: 0/41       AC:  7    Str: 20    XL:     4   Next: 90%
Magic:  4/4        EV:  9    Int:  8    God:
Gold:   90         SH:  0    Dex: 10    Spells: 3/3 levels left

rFire   x . .        i - +0 hand axe
rCold   + . .        c - +0 buckler
rNeg    + + .        b - +0 scale mail
rPois   .            (no helmet)
rElec   .            (no cloak)
rCorr   .            (no gloves)
SInv    .            (no boots)
Will    .....        (no amulet) Stlth
                     k - ring "Zosogon" {Ice rN++}
HPRegen 0.26/turn    (no ring)
MPRegen 0.09/turn

%: no passive effects
@: confused, brilliant, hasted, very quick
A: no striking features
a: no special abilities


You were on level 3 of the Dungeon.
You visited 1 branch of the dungeon, and saw 3 of its levels.

You collected 90 gold pieces.

Inventory:

Hand Weapons
 a - a +0 war axe
 i - a +0 hand axe (weapon)
Missiles
 l - a throwing net
Armour
 b - a +0 scale mail (worn)
 c - a +0 buckler (worn)
Jewellery
 k - the ring "Zosogon" (left hand) {Ice rN++}
   (You found it on level 2 of the Dungeon)

   [ring of ice]

   Ice:       It enhances your ice magic.
   rF-:       It makes you vulnerable to fire.
   rC+:       It protects you from cold.
   rN++:      It greatly protects you from negative energy.
Scrolls
 h - a scroll of summoning {unknown}
 m - a scroll of identify {unknown}
 n - a scroll of noise {unknown}
 o - a scroll of fear {unknown}
Potions
 d - a potion of might
 e - a potion of enlightenment {unknown}
 f - a potion of curing {unknown}
 g - a potion of haste
 j - a potion of brilliance


   Skills:
 + Level 4.5 Fighting
 + Level 3.9 Axes
 + Level 4.0 Armour
 + Level 4.1 Shields


You had 3 spell levels left.
You didn't know any spells.
Your spell library contained the following spells:

 Spells                   Type           Power      Damage    Failure   Level
 Necrotise                Necr           0%         1d4       83%         1
 Vampiric Draining        Necr           0%         2d6       99%         3
 Volatile Blastmotes      Fire/Tloc      0%         2d10      99%         3
 Fulminant Prism          Conj/Hex       0%         3d5       100%        4
 Iskenderun's Mystic Bla  Conj/Tloc      0%         2d3       100%        4
 Agony                    Necr           0%         N/A       100%        5


Dungeon Overview and Level Annotations

Branches:
Dungeon (3/15)

Altars:


Message History

You resist with some effort.
You hit the orc wizard.
The orc wizard is moderately wounded.
You closely miss the orc. The orc wizard barely misses you.
The orc hits you with a +0 falchion.
You closely miss the orc. You closely miss the orc wizard.
The orc wizard casts a spell.
The orc wizard flickers and vanishes!
Deactivating autopickup; reactivate with Ctrl-A.
The orc hits you with a +0 falchion.
You bump into the rock wall.
Something hits you but does no damage. The orc barely misses you.
You miss something. You closely miss the orc. Something hits you.
The orc closely misses you.
You completely miss something. You hit the orc.
The orc hits you with a +0 falchion. Something hits you but does no damage.
You're too confused to move!
Something hits you but does no damage. The orc barely misses you.
You closely miss something. You miss the orc.
You feel less confused. Something hits you but does no damage.
The orc hits you but does no damage.
You miss something. You hit the orc. Something hits you.
The orc hits you with a +0 falchion.
* * * LOW HITPOINT WARNING * * *
You closely miss something. You hit the orc but do no damage.
You hear some strange, mumbled words.
A magic dart appears from out of thin air!
The magic dart hits you.
* * * LOW HITPOINT WARNING * * *
The orc hits you with a +0 falchion.
* * * LOW HITPOINT WARNING * * *
It was a potion of haste.
You feel yourself speed up.
You hear some strange, mumbled words.
You are confused.
The orc hits you with a +0 falchion.
* * * LOW HITPOINT WARNING * * *
It was a potion of brilliance.
You feel clever all of a sudden. Something hits you.
You die...

#..... #....
..... #...#
####...# #
#.......#
#.#...o{#.#
#.....#@#$.
........#.#
###...))#.# #####
# #...).#.#......
.##.......#.....#
...........?.....
.#.....##.##....
#..####(..##...
##..###..~..#..


You could see an orc.

Vanquished Creatures
  Jessica (D:2)
  A gnoll (D:1)
  An adder (D:2)
  A worm (D:2)
  A dart slug (D:1)
  7 orcs (D:3)
  3 ball pythons (D:1)
  2 endoplasms (D:2)
  5 goblins
  4 hobgoblins
  7 jackals (D:1)
  4 bats
  3 frilled lizards
  5 kobolds (D:1)
  3 rats
48 creatures vanquished.

Notes
Turn   | Place    | Note
-------+----------+-------------------------------------------
     0 | D:1      | p00ps00p the Hill Orc Fighter began the quest for the Orb.
     0 | D:1      | Reached XP level 1. HP: 19/19 MP: 1/1
    26 | D:1      | Reached XP level 2. HP: 21/27 MP: 2/2
   459 | D:1      | Reached XP level 3. HP: 32/33 MP: 3/3
  1346 | D:2      | Found a faded altar of an unknown god.
  1366 | D:2      | Identified the ring "Zosogon" {Ice rN++}
  1412 | D:2      | Reached XP level 4. HP: 41/41 MP: 4/4
  1451 | D:2      | Noticed Jessica
  1454 | D:2      | Killed Jessica
  1732 | D:3      | HP: 2/41 [orc/+0 falchion (4)]
  1734 | D:3      | Slain by an orc wizard

Illustrated notes

Levels and vault maps discovered:
D:1:      dpeg_arrival_arbitrary_b, layout_loops_corners
D:2:      layout_basic, basic_ecumenical_altar, uniq_jessica
D:3:      layout_loops_ring, gammafunk_temple_overflow_arena,
          kennysheep_small_spiral, nicolae_concentric_dashed_squares_mild,
          amcnicky_mini_pool_small, st_stairs_5

Skill      XL: |  1  2  3  4 |
---------------+-------------+-----
Axes           | 3 |  3.9
Fighting       | 4 |  4.5
Shields        | 4 |  4.1
Armour         | 4 |  4.0

Action                     |  1- 3 |  4- 6 || total
---------------------------+-------+-------++-------
  Melee: War axe           |    80 |       ||    80
         Hand axe          |     3 |    42 ||    45
    Use: Potion            |       |     2 ||     2
 Armour: Scale mail        |    65 |    41 ||   106
  Dodge: Dodged            |    49 |    25 ||    74
  Block: Buckler           |    20 |     6 ||    26

Table legend: (Time is in decaauts)
 A = Elapsed time spent in this place.
 B = Non-inter-level travel time spent in this place.
 C = Inter-level travel time spent in this place.
 D = Time resting spent in this place.
 E = Time spent auto-exploring this place.
 F = Levels seen in this place.
 G = Mean time per level.
                   A        B        C        D        E       F      G
               +--------+--------+--------+--------+--------+-----+--------+
         Total |   1768 |   1701 |     67 |    309 |   1114 |   3 |  589.3 |
       Dungeon |   1768 |   1701 |     67 |    309 |   1114 |   3 |  589.3 |
               +--------+--------+--------+--------+--------+-----+--------+

Top non-repeatable levels by time:
     D:1: 1244 daAuts
     D:2: 463 daAuts
     D:3: 60 daAuts
